 Dungeon Crawl Stone Soup version 0.31-a0-771-g505c3d19dc (webtiles) character file.

Game seed: 17318431657714822439

69584 zero the Geomancer (level 15, 0/95 HPs)
             Began as a Gargoyle Earth Elementalist on Sept 16, 2023.
             Was a High Priest of Vehumet.
             Slain by a redback (6 damage)
             ... on level 3 of the Lair of Beasts.
             The game lasted 00:41:05 (25320 turns).

zero the Geomancer (Gargoyle Earth Elementalist)   Turns: 25320, Time: 00:41:05

Health: 0/95       AC: 22    Str:  8    XL:     15   Next: 30%
Magic:  39/39      EV: 10    Int: 28    God:    Vehumet [*****.]
Gold:   391        SH:  0    Dex: 10    Spells: 6/36 levels left

rFire   + + .        t - +4 war axe "Quijal" {flame, Str-3 Int+4}
rCold   + + .        D - +2 kite shield
rNeg    + . .        M - +2 robe {rC+ rF+}
rPois   ∞            U - +0 helmet
rElec   +            S - scarf {rC+ rF+}
rCorr   .            n - +2 pair of gloves
SInv    .            T - +1 pair of boots
Will    +....        y - amulet of magic regeneration
Stlth   +            c - ring of wizardry
HPRegen 0.35/turn    z - ring of magical power
MPRegen 0.66/turn

%: wizardry (x1)
@: confused, flying
A: sickness immunity, AC +11, big wings, negative energy resistance 1,
electricity resistance, torment resistance 1, petrification resistance
a: Renounce Religion


You were on level 3 of the Lair of Beasts.
You worshipped Vehumet.
Vehumet was extremely pleased with you.
You visited 5 branches of the dungeon, and saw 20 of its levels.

You collected 1609 gold pieces.
You spent 1218 gold pieces at shops.

Inventory:

Hand Weapons
 t - the +4 war axe "Quijal" (weapon) {flame, Str-3 Int+4}
   (You bought it in a shop on level 2 of the Orcish Mines)

   Str-3:     It affects your strength (-3).
   Int+4:     It affects your intelligence (+4).
Missiles
 m - 6 curare-tipped darts
Armour
 n - a +2 pair of gloves (worn)
 D - a +2 kite shield (worn)
 M - a +2 robe of resistance (worn)
 S - a scarf of resistance (worn)
 T - a +1 pair of boots (worn)
 U - a +0 helmet (worn)
Magical Staves
 p - a staff of fire
 C - a staff of cold
Jewellery
 c - a ring of wizardry (left hand)
 y - an amulet of magic regeneration (around neck)
 z - a ring of magical power (right hand)
 K - a ring of resist corrosion
Wands
 r - a wand of flame (13)
 s - a wand of polymorph (12)
 x - a wand of paralysis (8)
 B - a wand of quicksilver (2)
 H - a wand of iceblast (10)
 N - a wand of mindburst (20)
Scrolls
 e - 5 scrolls of teleportation
 g - a scroll of revelation
 j - 4 scrolls of blinking
 k - 2 scrolls of enchant weapon
 l - 2 scrolls of poison
 q - 5 scrolls of noise
 E - 3 scrolls of amnesia
 F - a scroll of fear
 L - 2 scrolls of summoning
 O - a scroll of fog
Potions
 a - 3 potions of cancellation
 b - 2 potions of resistance
 d - a potion of berserk rage
 f - 2 potions of invisibility
 h - a potion of ambrosia
 i - 3 potions of mutation
 o - a potion of enlightenment
 u - a potion of haste
 v - 3 potions of lignification
 w - 3 potions of heal wounds
 Q - a potion of magic
 R - 3 potions of curing


   Skills:
 + Level 11.4 Fighting
 - Level 3.0 Maces & Flails
 - Level 6.0 Armour
 - Level 5.0 Dodging
 - Level 2.1 Stealth
 - Level 5.0 Shields
 + Level 11.0 Spellcasting
 - Level 9.0 Conjurations
 - Level 8.0 Necromancy
 - Level 5.0 Translocations
 - Level 0.7 Transmutations
 * Level 7.3 Fire Magic
 + Level 4.6 Ice Magic
 - Level 3.0 Air Magic
 - Level 12.0 Earth Magic
 + Level 4.8 Poison Magic
 - Level 1.0 Evocations


You had 6 spell levels left.
You knew the following spells:

 Your Spells              Type           Power      Damage    Failure   Level
a - Sandblast             Erth           100%       2d20      1%          1
b - Stone Arrow           Conj/Erth      100%       3d13      1%          3
c - Searing Ray           Conj           100%       2d8       1%          2
d - Blink                 Tloc           86%        N/A       1%          2
e - Iskenderun's Mystic   Conj/Tloc      53%        2d11      1%          4
f - Freezing Cloud        Conj/Ice/Air   23%        6-21      6%          5
g - Apportation           Tloc           86%        N/A       1%          1
h - Ignite Poison         Fire/Tmut/Pois 39%        N/A       1%          3
t - Olgreb's Toxic Radia  Pois           42%        N/A       3%          4
v - Borgnjor's Vile Clut  Necr/Erth      32%        N/A       3%          5

Your spell library contained the following spells:

 Spells                   Type           Power      Damage    Failure   Level
 Plasma Beam              Fire/Air       22%        2x1d34    32%         6
 Magic Dart               Conj           100%       1d8       1%          1
 Shock                    Conj/Air       100%       1d9       1%          1
 Passwall                 Tmut/Erth      41%        N/A       1%          2
 Mephitic Cloud           Conj/Pois/Air  46%        N/A       1%          3
 Brom's Barrelling Bould  Conj/Erth      65%        2d8       1%          4
 Animate Dead             Necr           57%        N/A       2%          4
 Fulminant Prism          Conj/Hex       20%        3d12      3%          4
 Petrify                  Tmut/Erth      50%        N/A       5%          4
 Swiftness                Air            32%        N/A       6%          3
 Airstrike                Air            16%        2d(3-19)  6%          4
 Manifold Assault         Tloc           43%        N/A       9%          4
 Call Imp                 Summ           30%        N/A       11%         2
 Jinxbite                 Hex            30%        N/A       11%         2
 Tukima's Dance           Hex            15%        N/A       21%         3
 Dimensional Bullseye     Hex/Tloc       14%        N/A       26%         4
 Death Channel            Necr           28%        N/A       38%         6
 Alistair's Intoxication  Tmut/Pois      20%        N/A       52%         5
 Ignition                 Fire           27%        3d9       98%         8
 Discord                  Hex            7%         N/A       100%        8
 Cigotuvi's Dreadful Rot  Necr/Pois/Air  Unusable   N/A       N/A         2

Dungeon Overview and Level Annotations

Branches:
Dungeon (11/15)            Temple (1/1) D:7            Lair (5/5) D:8
 Shoals (0/4) Lair:3       Spider (1/4) Lair:3        Slime (0/5) Lair:4
    Orc (2/2) D:9             Elf (0/3) Orc:2

Altars:
Ashenzari
Cheibriados
Dithmenos
Elyvilon
Fedhas
Gozag
Hepliaklqana
Kikubaaqudgha
Makhleb
Nemelex Xobeh
Okawaru
Qazlal
Ru
Sif Muna
Trog
Uskayaw
Vehumet
Wu Jian
Xom
Yredelemnul
Zin
The Shining One
Jiyva

Shops:
D:5 *   D:6 ?   D:7 (   Orc:2 *[::(

Annotations:
D:9 1 runed translucent door, Vorhees's ghost, novice OpSh
D:11 Fannar
Lair:4 3 runed translucent doors, Nebesus's ghost, journeyman DrCj


Innate Abilities, Weirdness & Mutations

You are immune to sickness and miasma.
Your stone body is resilient. (AC +11)
You are immune to poison.
Your large and strong wings let you fly.
You resist negative energy. (rN+)
You are resistant to electric shocks. (rElec)
You are resistant to unholy torment.
You are immune to petrification.


Message History

You barely miss the tarantella. You closely miss the redback.
The redback misses you. The tarantella completely misses you.
The tarantella misses you. The redback closely misses you.
The tarantella barely misses you. The redback barely misses you.
The tarantella touches you but does no damage.
The redback closely misses you.
The tarantella touches you but does no damage.
The redback closely misses you.
The tarantella touches you but does no damage.
You hit the tarantella but do no damage.
The tarantella is moderately wounded.
You hit the redback. You burn the redback. You barely miss the redback.
You hit the tarantella. You burn the tarantella.
The redback completely misses you.
The tarantella touches you but does no damage.
The redback bites you! The tarantella barely misses you.
The redback bites you but does no damage.
The tarantella misses you. The redback barely misses you.
The tarantella touches you but does no damage.
You're too confused to move!
The redback bites you but does no damage.
The tarantella touches you. The redback bites you. The tarantella touches you!
The redback closely misses you. The redback bites you.
* * * LOW HITPOINT WARNING * * *
The tarantella touches you but does no damage.
You closely miss the tarantella.
The tarantella is lightly wounded.
You closely miss the redback. You hit the tarantella. You burn the tarantella.
You barely miss the redback.
The tarantella touches you but does no damage.
The redback bites you!
* * * LOW HITPOINT WARNING * * *
The redback bites you.
* * * LOW HITPOINT WARNING * * *
The tarantella touches you!
* * * LOW HITPOINT WARNING * * *
You are more confused.
The tarantella touches you but does no damage.
The redback bites you.
You die...

.......##.#.........#
.......#...[.......##
..........#....##.####
......#.P##...#.###..##
#....########.##.#.##.#
##...##### ###.......####
.........###.#..###..#.##
...>.....####..#s#s#..###
#.........#######@s##.##
#........####..#.#s#..##
##.......##..#..###..#.#
≈#.......##.##...#...#.#
~##......###..#######.##
~~######.# #.##.......##
~).# ### ###...#P#.#.#
...#### ##..########
......### ##P..####


You could see 2 tarantellas and 2 redbacks.

Vanquished Creatures
  An emperor scorpion (Lair:3)
  An orc warlord (Orc:2)
  2 hydras (Lair:4)
  A catoblepas (Lair:2)
  A boulder beetle (Lair:1)
  7 death yaks
  2 orc high priests
  4 two-headed ogres
  Urug (Orc:2)
  Nergalle (Orc:2)
  Sonja (Lair:1)
  2 skysharks
  4 orc knights
  Pikel (D:7)
  A wizard (D:11)
  2 orc sorcerers
  A wolf spider (Lair:5)
  A cyclops (D:11)
  2 oklob plants
  An ugly thing (D:11)
  A merfolk siren (Lair:3)
  2 guardian serpents
  7 black mambas
  30 elephants
  A torpor snail (Lair:4)
  14 cane toads
  An unseen horror (D:10)
  A rime drake (Lair:1)
  Maggie (D:9)
  3 komodo dragons
  A troll (Orc:1)
  A meliai (Lair:3)
  Prince Ribbit (D:7)
  A polar bear (Lair:3)
  Grinder (D:3)
  4 tarantellas (Spider:1)
  3 hornets (Lair:5)
  8 blink frogs
  2 shadows
  15 wyverns
  4 basilisks
  66 yaks
  4 redbacks
  A wraith (D:11)
  2 steam dragons
  8 wargs
  Edmund (D:4)
  24 water moccasins
  An acid dragon (D:8)
  Duvessa (D:7)
  3 ice beasts
  31 orc warriors
  A black bear (Lair:1)
  2 sky beasts
  7 centaurs
  12 wolves
  3 ogres
  4 kobold brigands
  Blork the orc (Orc:2)
  A lemure (D:7)
  14 bullfrogs
  A gnoll sergeant (D:8)
  A scorpion (D:5)
  Dowan (D:7)
  16 killer bees
  6 electric eels
  2 howler monkeys (D:11)
  2 jellies
  23 orc priests
  Crazy Yiuf (D:3)
  3 hounds
  A sleepcap (D:7)
  Natasha (thrice) (D:3)
  5 iguanas
  36 orc wizards
  4 hell rats (Lair:1)
  10 gnolls
  5 adders
  A white imp (D:6)
  3 ufetubi
  A worm (D:3)
  2 dart slugs
  78 orcs
  6 endoplasms
  5 giant cockroaches
  4 goblins
  7 hobgoblins
  7 jackals
  7 quokkas
  9 ball pythons
  8 bats
  3 frilled lizards
  25 kobolds
  4 rats
616 creatures vanquished.

Vanquished Creatures (others)
  An orc wizard (Orc:2)
  An orc (Orc:2)
2 creatures vanquished.

Grand Total: 618 creatures vanquished

Notes
Turn   | Place    | Note
-------+----------+-------------------------------------------
     0 | D:1      | zero the Gargoyle Earth Elementalist began the quest for
                  | the Orb.
     0 | D:1      | Reached XP level 1. HP: 10/10 MP: 3/3
   129 | D:1      | Reached skill level 4 in Earth Magic
   177 | D:1      | Reached XP level 2. HP: 14/15 MP: 0/5
   519 | D:1      | Reached XP level 3. HP: 19/19 MP: 4/6
   523 | D:1      | Learned a level 3 spell: Stone Arrow
   526 | D:1      | Learned a level 2 spell: Searing Ray
   584 | D:1      | Reached skill level 5 in Earth Magic
  1407 | D:2      | Reached skill level 1 in Conjurations
  1428 | D:2      | Reached XP level 4. HP: 20/24 MP: 4/8
  2223 | D:3      | Noticed Grinder
  2263 | D:3      | Killed Grinder
  2264 | D:3      | Reached XP level 5. HP: 31/31 MP: 1/11
  2264 | D:3      | Reached XP level 6. HP: 36/36 MP: 1/12
  2411 | D:3      | Noticed Natasha
  2415 | D:3      | Killed Natasha
  2845 | D:3      | Noticed Natasha
  2847 | D:3      | Killed Natasha
  3133 | D:3      | Noticed Natasha
  3135 | D:3      | Killed Natasha
  3136 | D:3      | Reached XP level 7. HP: 41/41 MP: 10/13
  3173 | D:3      | Found a runed translucent door.
  3174 | D:3      | Noticed Crazy Yiuf
  3569 | D:3      | Killed Crazy Yiuf
  3819 | D:4      | Found a glowing silver altar of Zin.
  3901 | D:4      | Noticed a steam dragon
  3906 | D:4      | Killed a steam dragon
  3997 | D:4      | Noticed Edmund
  4008 | D:4      | Killed Edmund
  4009 | D:4      | Reached skill level 5 in Spellcasting
  4718 | D:5      | Entered Level 5 of the Dungeon
  4735 | D:5      | Reached skill level 5 in Fighting
  4886 | D:5      | Reached skill level 5 in Conjurations
  4886 | D:5      | Reached XP level 8. HP: 43/49 MP: 12/15
  5068 | D:5      | Found Xiopti Leof's CLEARANCE SALE!.
  5076 | D:5      | Bought a ring of magical power for 100 gold pieces
  5605 | D:6      | Reached skill level 1 in Armour
  5686 | D:6      | Reached skill level 1 in Evocations
  5753 | D:6      | Learned a level 5 spell: Borgnjor's Vile Clutch
  5926 | D:6      | Reached skill level 1 in Necromancy
  6430 | D:6      | Found Tiwyuciu's Magic Scroll Shop.
  6482 | D:6      | Learned a level 2 spell: Blink
  6490 | D:7      | Found a staircase to the Ecumenical Temple.
  6502 | D:6      | Reached XP level 9. HP: 52/54 MP: 5/17
  6514 | D:6      | Reached skill level 1 in Shields
  6514 | D:6      | Reached skill level 6 in Earth Magic
  6651 | Temple   | Entered the Ecumenical Temple
  6666 | Temple   | Became a worshipper of Vehumet
  6768 | D:7      | Noticed Pikel
  6789 | D:7      | Killed Pikel
  7140 | D:7      | Found Behyblorch's Weapon Shoppe.
  7259 | D:7      | Noticed Dowan
  7261 | D:7      | Noticed Duvessa
  7267 | D:7      | Killed Dowan
  7271 | D:7      | Killed Duvessa
  7498 | D:7      | Found a broken altar of Ashenzari.
  7659 | D:7      | Noticed Prince Ribbit
  7671 | D:7      | Killed Prince Ribbit
  7991 | D:8      | Learned a level 4 spell: Iskenderun's Mystic Blast
  8026 | D:8      | Reached XP level 10. HP: 60/60 MP: 19/19
  8041 | D:8      | Reached skill level 1 in Translocations
  8278 | D:8      | Reached skill level 7 in Earth Magic
  8342 | D:8      | Reached * piety under Vehumet
  8342 | D:8      | Offered knowledge of Foxfire by Vehumet.
  8782 | D:8      | Found a staircase to the Lair.
  9346 | D:5      | Bought the +11 great mace of Fragile Peace {drain, rN++}
                  | for 421 gold pieces
  9571 | D:9      | Reached skill level 1 in Maces & Flails
  9686 | D:9      | Found a staircase to the Orcish Mines.
  9728 | D:9      | Offered knowledge of Kiss of Death by Vehumet.
  9738 | D:9      | Found a runed translucent door.
  9832 | D:9      | Reached ** piety under Vehumet
  9843 | D:9      | Reached skill level 5 in Necromancy
 10252 | D:9      | Found a shimmering altar of Xom.
 10252 | D:9      | Noticed Vorhees's ghost (novice OpSh)
 10252 | D:9      | Noticed a +0 hand axe of chaos
 10281 | D:9      | Noticed a two-headed ogre
 10290 | D:9      | Killed a two-headed ogre
 10291 | D:9      | Reached XP level 11. HP: 54/67 MP: 11/21
 10582 | D:9      | Noticed Maggie
 10592 | D:9      | Paralysed by Maggie for 3 turns
 10596 | D:9      | Killed Maggie
 10898 | D:9      | Found a snail-covered altar of Cheibriados.
 10986 | D:10     | Entered Level 10 of the Dungeon
 11025 | D:10     | Noticed a two-headed ogre
 11035 | D:10     | Killed a two-headed ogre
 11159 | D:10     | Reached skill level 8 in Earth Magic
 11804 | D:10     | Noticed a two-headed ogre
 11807 | D:10     | Killed a two-headed ogre
 11880 | D:10     | Offered knowledge of Scorch by Vehumet.
 12653 | D:11     | Noticed a wizard
 12666 | D:11     | Killed a wizard
 12740 | D:11     | Noticed a two-headed ogre
 12743 | D:11     | Reached skill level 5 in Translocations
 12749 | D:11     | Noticed a cyclops
 13119 | D:11     | Noticed a boulder beetle
 13212 | D:11     | Noticed a boulder beetle
 13398 | Lair:1   | Entered Level 1 of the Lair of Beasts
 13398 | Lair:1   | Noticed a boulder beetle
 13407 | Lair:1   | Reached *** piety under Vehumet
 13407 | Lair:1   | Killed a boulder beetle
 13410 | Lair:1   | Reached XP level 12. HP: 47/73 MP: 4/23
 13412 | Lair:1   | Reached skill level 9 in Earth Magic
 13724 | Lair:1   | Found a blossoming altar of Fedhas.
 14253 | Lair:1   | Offered knowledge of Hailstorm by Vehumet.
 14412 | Lair:1   | Reached skill level 10 in Earth Magic
 15010 | Lair:1   | Found a stormy altar of Qazlal.
 15082 | Lair:2   | Noticed Sonja
 15083 | Lair:2   | Reached skill level 11 in Earth Magic
 15304 | Lair:1   | Killed Sonja
 15530 | Lair:2   | Reached skill level 12 in Earth Magic
 15663 | Lair:2   | Reached **** piety under Vehumet
 16082 | Lair:2   | Offered knowledge of Frozen Ramparts by Vehumet.
 16088 | Lair:2   | Reached XP level 13. HP: 68/79 MP: 16/25
 16292 | Lair:2   | Reached skill level 5 in Armour
 16292 | Lair:2   | Reached skill level 5 in Shields
 17393 | Lair:3   | Found a hole to the Spider Nest.
 17663 | Lair:3   | Found a staircase to the Shoals.
 18411 | Lair:4   | Identified the +4 dagger "Itaipleo" {drain, rN+ Str+4
                  | Int+2}
 18654 | Lair:4   | Reached skill level 10 in Fighting
 18752 | Lair:4   | Reached skill level 5 in Dodging
 19138 | Lair:4   | Reached skill level 10 in Spellcasting
 19254 | Lair:4   | Reached ***** piety under Vehumet
 19254 | Lair:4   | Offered knowledge of Freezing Cloud by Vehumet.
 19602 | D:11     | Reached skill level 1 in Fire Magic
 19651 | D:11     | Learned a level 1 spell: Apportation
 19656 | D:11     | Learned a level 4 spell: Olgreb's Toxic Radiance
 19662 | D:11     | Learned a level 5 spell: Freezing Cloud
 19830 | D:11     | Noticed Fannar
 20375 | Lair:4   | Reached skill level 1 in Ice Magic
 20375 | Lair:4   | Reached skill level 1 in Poison Magic
 20375 | Lair:4   | Gained mutation: Your large and strong wings let you fly.
                  | [Gargoyle growth]
 20375 | Lair:4   | Reached XP level 14. HP: 85/88 MP: 28/28
 20615 | Lair:4   | Found a runed translucent gate.
 20616 | Lair:4   | Found a runed translucent gate.
 20617 | Lair:4   | Found a runed translucent gate.
 20647 | Lair:4   | Found a viscous altar of Jiyva.
 20647 | Lair:4   | Found a staircase to the Slime Pits.
 20687 | Lair:4   | Reached skill level 1 in Air Magic
 20700 | Lair:4   | Learned a level 3 spell: Ignite Poison
 20987 | Lair:4   | Noticed Nebesus's ghost (journeyman DrCj)
 21002 | Lair:5   | Entered Level 5 of the Lair of Beasts
 22451 | Lair:5   | Reached skill level 5 in Fire Magic
 23435 | Orc:1    | Entered Level 1 of the Orcish Mines
 23786 | Orc:2    | Entered Level 2 of the Orcish Mines
 23786 | Orc:2    | Found a staircase to the Elven Halls.
 23901 | Orc:2    | Gained mutation: You are weak. (Str -2) [a neqoxec]
 23909 | Orc:2    | Lost mutation: You are weak. (Str -2) [potion of mutation]
 23909 | Orc:2    | Gained mutation: You are frail. (-10% HP) [potion of
                  | mutation]
 23909 | Orc:2    | Lost mutation: You are frail. (-10% HP) [potion of
                  | mutation]
 23938 | Orc:2    | Noticed an orc warlord
 23946 | Orc:2    | Noticed Urug
 23949 | Orc:2    | Killed Urug
 23950 | Orc:2    | Reached XP level 15. HP: 89/94 MP: 11/29
 23951 | Orc:2    | Noticed Blork the orc
 24119 | Orc:2    | Killed Blork the orc
 24121 | Orc:2    | Killed an orc warlord
 24313 | Orc:2    | Noticed Nergalle
 24320 | Orc:2    | Killed Nergalle
 24357 | Orc:2    | Found Xiwufysh's Vocational Training.
 24394 | Orc:2    | Found Raadic's Antique Weapon Boutique.
 24427 | Orc:2    | Found Roapon's General Store.
 24444 | Orc:2    | Found Faupobiz's Book Boutique.
 24459 | Orc:2    | Found Qideamyb's Antique Armour Boutique.
 24467 | Orc:2    | Bought a shimmering robe for 131 gold pieces
 24467 | Orc:2    | Identified the +1 robe of the Sacrificial Victim {Str+5
                  | Dex+3} (You bought it in a shop on level 2 of the Orcish
                  | Mines)
 24484 | Orc:2    | Bought the +4 war axe "Quijal" {flame, Str-3 Int+4} for 566
                  | gold pieces
 25183 | Spider:1 | Entered Level 1 of the Spider Nest
 25187 | Spider:1 | Offered knowledge of Plasma Beam by Vehumet.
 25187 | Spider:1 | Noticed an emperor scorpion
 25204 | Lair:3   | Killed an emperor scorpion
 25320 | Lair:3   | Slain by a redback

Illustrated notes

Levels and vault maps discovered:
D:1:      wander_arrival_chamber, layout_loops_ring, minmay_misc_feat_roman
D:2:      layout_loops_ring
D:3:      layout_loops_corners, grunt_ministairs_4, minivault_14, uniq_natasha,
          uniq_grinder, uniq_crazy_yiuf_cottage
D:4:      layout_loops_ring, amcnicky_altar_gilded, serial_park_tiny_2,
          minmay_fountain_box, grunt_ministairs_3, uniq_edmund
D:5:      layout_loops_ring, minmay_misc_feat_secret_circle,
          nicolae_shop_clearance
D:6:      layout_rooms, serial_shops, nicolae_shop_rolled_up
D:7:      layout_rooms, mainiacjoe_overflow_alcove_1,
          minmay_temple_entry_purple_smoke, serial_shops, nicolae_shop_trees,
          uniq_prince_ribbit1, uniq_duvessa, uniq_pikel
D:8:      layout_cave_pools, david_lair_shrubbed, hangedman_decor_lopped,
          kennysheep_generic_room_15
D:9:      layout_roguey, mainiacjoe_overflow_alcove_4, david_orc_4,
          ebering_ghost_xom, uniq_maggie
D:10:     layout_loops_corners
D:11:     layout_gridville, nrook_guardian_serpent_ordinary, uniq_fannar
Temple:   compressed_dpeg_triangle_lava_temple
Lair:1:   layout_gridlike, basic_altar, gauntlet_entry_generic,
          lemuel_oklob_altar, serial_bayou_shore_a
Lair:2:   layout_roguey, infiniplex_staircase_pool, serial_bayou_shore_b,
          uniq_sonja
Lair:3:   layout_roguey, minmay_shoals_entry_lonely_mermaid,
          hellmonk_spider_entry_not_the_bees, serial_bayou,
          serial_bayou_lagoon_a, serial_bayou_pond_b, serial_bayou_lake_a,
          serial_bayou_pond_b
Lair:4:   layout_regular_city, dpeg_slime_entry_enclosed,
          ebering_ghost_rock_garden, minmay_lair_oklob_items
Lair:5:   hangedman_lair_tendril_chambers, layout_cellular_growth
Spider:1: layout_spider_delve
Orc:1:    layout_caves, enter_volcano_1, minmay_orc_temple_b
Orc:2:    grunt_orc_cross, layout_caves, nicolae_shop_vocational

Skill      XL: |  1  2  3  4  5  6  7  8  9 10 11 12 13 14 15 |
---------------+----------------------------------------------+-----
Earth Magic    | 4 5 6 7 8 12 | 12.0
Conjurations   | 1 2 3 5 6 7 8 9 |  9.0
Spellcasting   | 4 5 6 7 8 10 11 | 11.0
Fighting       | 2 3 5 6 7 8 10 11 | 11.4
Armour         | 2 4 5 6 |  6.0
Dodging        | 2 5 |  5.0
Evocations     | 1 |  1.0
Necromancy     | 2 4 5 7 8 |  8.0
Shields        | 3 4 5 |  5.0
Translocations | 3 5 |  5.0
Maces & Flails | 2 3 |  3.0
Fire Magic     | 2 6 7 |  7.3
Ice Magic      | 1 3 4 |  4.6
Poison Magic   | 1 4 |  4.8
Air Magic      | 3 |  3.0
Stealth        | |  2.1
Transmutations | |  0.7

Action                     |  1- 3 |  4- 6 |  7- 9 | 10-12 | 13-15 || total
---------------------------+-------+-------+-------+-------+-------++-------
  Melee: Unarmed           |     4 |       |       |       |       ||     4
         Dagger            |     3 |       |    15 |     1 |    65 ||    84
         Short sword       |    12 |     6 |    37 |       |       ||    55
         Punch             |       |       |     2 |       |       ||     2
         Great mace        |       |       |       |    31 |    20 ||    51
         Staff             |       |       |       |       |     5 ||     5
         War axe           |       |       |       |       |     9 ||     9
   Cast: Sandblast         |    52 |    33 |   113 |    68 |    89 ||   355
         Stone Arrow       |     1 |    11 |    56 |    75 |   187 ||   330
         Searing Ray       |       |       |     1 |    48 |     8 ||    57
         Iskenderun's Myst |       |       |       |    49 |    53 ||   102
         Borgnjor's Vile C |       |       |       |    23 |    50 ||    73
         Blink             |       |       |       |     4 |     2 ||     6
         Olgreb's Toxic Ra |       |       |       |       |    45 ||    45
         Ignite Poison     |       |       |       |       |    27 ||    27
         Freezing Cloud    |       |       |       |       |    13 ||    13
  Evoke: Wand              |       |       |       |     1 |     1 ||     2
    Use: Potion            |       |       |     1 |     2 |     2 ||     5
         Scroll            |       |       |       |    28 |     7 ||    35
 Armour: Robe              |    46 |    21 |   132 |   231 |   396 ||   826
  Dodge: Dodged            |    37 |    15 |    97 |   251 |   354 ||   754
  Block: Kite shield       |       |       |    31 |    22 |   181 ||   234

Table legend: (Time is in decaauts)
 A = Elapsed time spent in this place.
 B = Non-inter-level travel time spent in this place.
 C = Inter-level travel time spent in this place.
 D = Time resting spent in this place.
 E = Time spent auto-exploring this place.
 F = Levels seen in this place.
 G = Mean time per level.
                   A        B        C        D        E       F      G
               +--------+--------+--------+--------+--------+-----+--------+
         Total |  25666 |  23950 |   1716 |   7411 |  13036 |  20 | 1283.3 |
       Dungeon |  14171 |  13170 |   1001 |   3672 |   7693 |  11 | 1288.3 |
        Temple |     30 |      1 |     29 |      0 |      0 |   1 |   30.0 |
          Lair |   9815 |   9275 |    540 |   3414 |   4506 |   5 | 1963.0 |
   Spider Nest |     11 |     11 |      0 |      0 |      0 |   1 |   11.0 |
  Orcish Mines |   1638 |   1494 |    144 |    325 |    837 |   2 |  819.0 |
               +--------+--------+--------+--------+--------+-----+--------+

Top non-repeatable levels by time:
  Lair:3: 2567 daAuts
  Lair:5: 2340 daAuts
  Lair:1: 2193 daAuts
    D:10: 1865 daAuts
     D:9: 1651 daAuts
     D:3: 1547 daAuts
     D:1: 1489 daAuts
     D:8: 1440 daAuts
     D:7: 1400 daAuts
  Lair:2: 1385 daAuts
  Lair:4: 1328 daAuts
     D:6: 1093 daAuts
     D:4: 1026 daAuts
    D:11: 972 daAuts
     D:5: 967 daAuts
